 Dungeon Crawl Stone Soup version 0.29.0-4-gdea44cf6ec (webtiles) character file.

Game seed: 1216072616252296033

106 olmar the Covered (level 5, 0/46 HPs)
             Began as a Meteoran Fighter on Aug 28, 2022.
             Slain by a gnoll bouda
             ... wielding a +0 club
              (3 damage)
             ... on level 3 of the Dungeon.
             The game lasted 00:05:26 (562 turns).

olmar the Covered (Meteoran Fighter)                 Turns: 562, Time: 00:05:27

Health: 0/46       AC:  8    Str: 20    XL:     5   Next: 32%
Magic:  6/6        EV:  9    Int:  9    God:
Gold:   48         SH:  5    Dex: 13    Spells: 4/4 levels left

rFire   . . .      SeeInvis .   a - +0 flail
rCold   . . .      Faith    .   c - +0 buckler
rNeg    . . .      Spirit   .   b - +0 scale mail
rPois   .          Reflect  .   (no helmet)
rElec   .          Harm     .   (no cloak)
rCorr   .          Rampage  .   k - +0 pair of gloves
Will    .....                   (no boots)
Stlth   ..........              (no amulet)
HPRegen 0.15/turn               (no ring)
MPRegen 0.10/turn               (no ring)

@: mighty, brilliant, weakened, glowing
A: sense surroundings 1, otherworldly, glowing, explore regen
a: no special abilities


You were on level 3 of the Dungeon.
You visited 1 branch of the dungeon, and saw 3 of its levels.

You collected 48 gold pieces.

Inventory:

Hand Weapons
 a - a +0 flail (weapon)
Armour
 b - a +0 scale mail (worn)
 c - a +0 buckler (worn)
 h - a +0 chain mail
 k - a +0 pair of gloves (worn)
Scrolls
 e - 2 scrolls of enchant weapon {unknown}
 f - 2 scrolls of identify {unknown}
 i - a scroll of teleportation {unknown}
 j - a scroll of fog {unknown}
 n - a scroll of torment {unknown}
 o - a scroll of blinking {unknown}
 p - a scroll of amnesia {unknown}
Potions
 l - a potion of magic


   Skills:
 + Level 4.0 Fighting
 + Level 4.1 Maces & Flails
 + Level 4.6 Armour
 + Level 0.8 Dodging
 + Level 4.1 Shields


You had 4 spell levels left.
You didn't know any spells.
Your spell library was empty.

Dungeon Overview and Level Annotations

Branches:
Dungeon (3/15) Zot: 1200

Altars:
Ru
Sif Muna


Innate Abilities, Weirdness & Mutations

You passively map a small area around you.
You are easily found by Zot.
You glow in the dark.
You regain HP and MP as you explore.


Message History

You feel as though you will be weak longer.
You block the gnoll bouda's attack.
You completely miss the gnoll bouda.
The gnoll bouda is severely wounded.
The bat hits you but does no damage. The gnoll bouda closely misses you.
You hit the gnoll bouda.
The gnoll bouda is almost dead.
The bat hits you but does no damage.
The gnoll bouda hits you with a +0 club.
* * * LOW HITPOINT WARNING * * *
You barely miss the gnoll bouda.
The gnoll bouda is almost dead.
You block the bat's attack.
The gnoll bouda mumbles some strange prayers to its god.
The gnoll bouda is healed somewhat.
You barely miss the gnoll bouda.
The gnoll bouda is heavily wounded.
The bat barely misses you.
The gnoll bouda gazes fiercely through you!
You feel as though you will be weak longer.
The gnoll bouda hits you with a +0 club!
* * * LOW HITPOINT WARNING * * *
The bat hits you but does no damage.
The gnoll bouda hits you with a +0 club.
* * * LOW HITPOINT WARNING * * *
Unknown command.
It was a potion of magic.
Magic courses through your body. You block the bat's attack.
The gnoll bouda hits you but does no damage.
Unknown command.
Unknown command.
It was a potion of brilliance.
You feel clever all of a sudden. The gnoll bouda closely misses you.
The bat hits you but does no damage.
Unknown command.
You hit the bat.
The bat is moderately wounded.
The bat hits you but does no damage.
The gnoll bouda hits you with a +0 club.
You die...

# * ##.,* #..##########
.#..=........#
.............#
,#..........# .##
#..#.....b..<.# ...
..##..#..........#
...........#####@######
.....#..... #g#
.....#.#..#* ##g#
.....#.#..# #..#
..#.......#####.##
..#........g....# **
...................#
...................#
...........##.#....#


You could see a gnoll bouda, a hobgoblin and a bat.

Vanquished Creatures
  4 gnolls
  3 adders
  An orc (D:3)
  4 endoplasms
  8 goblins
  5 hobgoblins
  A quokka (D:3)
  2 ball pythons
  3 bats
  5 kobolds
  2 rats (D:3)
38 creatures vanquished.

Vanquished Creatures (others)
  13 plants (D:1)
13 creatures vanquished.

Grand Total: 51 creatures vanquished

Notes
Turn   | Place    | Note
-------+----------+-------------------------------------------
     0 | D:1      | olmar the Meteoran Fighter began the quest for the Orb.
     0 | D:1      | Reached XP level 1. HP: 19/19 MP: 2/2
    64 | D:1      | Reached XP level 2. HP: 19/26 MP: 3/3
    96 | D:1      | Reached XP level 3. HP: 13/31 MP: 4/4
   294 | D:2      | Reached XP level 4. HP: 30/40 MP: 5/5
   493 | D:3      | Reached XP level 5. HP: 42/46 MP: 6/6
   497 | D:3      | Found a sacrificial altar of Ru.
   497 | D:3      | Found a shimmering blue altar of Sif Muna.
   559 | D:3      | HP: 2/46 [gnoll bouda/+0 club (2)]
   562 | D:3      | Slain by a gnoll bouda

Illustrated notes

Levels and vault maps discovered:
D:1:      shiori_arrival_oz, layout_rooms, nicolae_grassy_gnolls
D:2:      layout_loops_ring, shapermc_ecumenical_altar_hornbeckon, serial_shops,
          nicolae_shop_behind_doors
D:3:      layout_rooms, jmf_multi_god_temple

Skill      XL: |  1  2  3  4  5 |
---------------+----------------+-----
Maces & Flails | 3 4 |  4.1
Armour         | 4 |  4.6
Shields        | 4 |  4.1
Fighting       | 4 |  4.0
Dodging        | |  0.8

Action                   |  1- 3 |  4- 6 || total
-------------------------+-------+-------++-------
Melee: Flail             |    63 |    71 ||   134
  Use: Potion            |       |     5 ||     5
Armor: Scale mail        |    31 |    68 ||    99
Dodge: Dodged            |    29 |    48 ||    77
Block: Buckler           |    26 |    45 ||    71
